 Dungeon Crawl Stone Soup version 0.22-a0-612-gd2f0174 (webtiles) character file.

18998 Mamutox the Grappler (level 12, -4/119 HPs)
             Began as a Troll Monk on July 11, 2018.
             Slain by an ice devil (11 damage)
             ... on level 11 of the Dungeon.
             The game lasted 00:40:27 (11904 turns).

Mamutox the Grappler (Troll Monk)                  Turns: 11904, Time: 00:40:28

Health: -4/119     AC: 10    Str: 22    XL:     12   Next: 32%
Magic:  15/15      EV: 15    Int:  6    God:
Gold:   478        SH:  0    Dex: 16    Spells: 11/11 levels left

rFire    . . .     SeeInvis .     - Unarmed
rCold    . . .     Gourm    +   (no shield)
rNeg     + . .     Faith    .   a - +0 robe
rPois    +         Spirit   .   h - +2 hat {MR+}
rElec    .         Reflect  .   y - +2 cloak {rPois}
rCorr    .         Harm     .   (gloves unavailable)
MR       +....                  (boots unavailable)
Stlth    ++........             B - amulet of rage
HPRegen  0.69/turn              f - ring of positive energy
MPRegen  0.14/turn              l - ring of poison resistance

@: very slightly contaminated, invisible
A: large, unfitting armour, claws 3, fast metabolism 3, gourmand, regeneration
1, shaggy fur 1, tough skin 2
a: Evoke Berserk Rage


You were on level 11 of the Dungeon.
You were completely stuffed.

You visited 3 branches of the dungeon, and saw 13 of its levels.

You collected 622 gold pieces.
You spent 144 gold pieces at shops.

Inventory:

Hand Weapons
 r - the +9 staff of Olgreb {rPois}
   (You found it on level 7 of the Dungeon)

   It protects you from poison.
Missiles
 M - 7 tomahawks (quivered)
Armour
 a - a +0 robe (worn)
 h - a +2 hat of magic resistance (worn)
 j - a scarf of resistance
 y - a +2 cloak of poison resistance (worn)
Jewellery
 f - a ring of positive energy (left claw)
 l - a ring of poison resistance (right claw)
 B - an amulet of rage (around neck)
 F - an uncursed ring of flight
 G - an uncursed ring of fire
Wands
 o - a wand of disintegration (21)
 w - a wand of polymorph (13)
 D - a wand of iceblast (7)
 E - a wand of random effects (31)
 I - a wand of flame (27)
Scrolls
 d - 2 scrolls of enchant armour
 g - a scroll of fog
 i - 2 scrolls of teleportation
 k - 2 scrolls of magic mapping
 q - 3 scrolls of enchant weapon {unknown}
 x - a scroll of summoning {unknown}
 H - 3 scrolls of remove curse
 J - 2 scrolls of immolation {unknown}
 K - 5 scrolls of identify
 L - a scroll of amnesia {unknown}
Potions
 c - 5 potions of agility
 e - 4 potions of berserk rage
 n - 2 potions of might
 p - 5 potions of flight
 s - a potion of invisibility
 t - a potion of resistance {unknown}
 u - 2 potions of degeneration {unknown}
 v - 3 potions of curing
 z - a potion of mutation {unknown}
 A - a potion of brilliance {unknown}
 C - a potion of lignification
 O - a potion of magic {unknown}
Comestibles
 b - 33 rations
 N - 3 chunks of flesh


   Skills:
 - Level 8.1 Fighting
 - Level 6.0 Throwing
 - Level 8.0 Dodging
 - Level 1.0 Stealth
 + Level 12.8 Unarmed Combat
 - Level 5.4 Evocations


You had 11 spell levels left.
You didn't know any spells.
Your spell library contained the following spells:

 Spells                   Type           Power        Failure   Level  Hunger
 Magic Dart               Conj           #...         45%         1    ##.....
 Conjure Flame            Conj/Fire      #.......     83%         3    ####...
 Lightning Bolt           Conj/Air       #.........   100%        5    ######.
 Slow                     Hex            #.......     58%         2    ###....
 Mephitic Cloud           Conj/Pois/Air  #.......     83%         3    ####...
 Blink                    Tloc           N/A          58%         2    ###....
 Call Imp                 Summ           #.......     58%         2    ###....
 Shock                    Conj/Air       #...         45%         1    ##.....
 Swiftness                Chrm/Air       #.......     58%         2    ###....
 Spider Form              Tmut/Pois      #.........   83%         3    ####...
 Blade Hands              Tmut           #.........   100%        5    ######.
 Ice Form                 Ice/Tmut       #.......     99%         4    #####..
 Airstrike                Air            #.........   99%         4    #####..
 Sticks to Snakes         Tmut           #.......     58%         2    ###....
 Static Discharge         Conj/Air       #.......     83%         3    ####...
 Beastly Appendage        Tmut           #.....       45%         1    ##.....


Dungeon Overview and Level Annotations

Branches:
Dungeon (11/15)            Temple (1/1) D:7            Lair (1/6) D:11
    Orc: D:9-12

Altars:
Ashenzari
Cheibriados
Dithmenos
Elyvilon
Fedhas
Gozag
Hepliaklqana
Kikubaaqudgha
Makhleb
Nemelex Xobeh
Okawaru
Qazlal
Ru
Sif Muna
Trog
Uskayaw
Vehumet
Wu Jian
Xom
Yredelemnul
Zin
The Shining One

Shops:
D:4 (   D:5 %!**   D:10 }   D:11 *

Portals:
Ice
Cave: Lair:1

Annotations:
D:7 1 runed door


Innate Abilities, Weirdness & Mutations

You are too large for most types of armour.
You have claws for hands.
Your metabolism is lightning-fast.
You like to eat raw meat.
Your natural rate of healing is unusually fast.
You are covered in fur. (AC +1)
You have very tough skin. (AC +2)


Message History

The ice devil freezes you!!
* * * LOW HITPOINT WARNING * * *
Unknown command.
You feel much better. The ice devil hits you.
* * * LOW HITPOINT WARNING * * *
The ice devil freezes you!!
* * * LOW HITPOINT WARNING * * *
Okay, then.
You fade into invisibility!
The ice devil barely misses you.
You are very lightly contaminated with residual magic.
There is an open door here.
There is a staircase back to the Dungeon here.
The ice devil completely misses you.
You climb upwards.
Welcome back to the Dungeon!
There is a staircase to the Lair here.
The ice devil hits you!
* * * LOW HITPOINT WARNING * * *
The ice devil freezes you!
You die...

#.................
#.############.###
#.# #.### #.#
##...# #.# #...).
#.# #..... #.#
#..#.# #4# #..#.#
#@# #..#.# ###
#..#.# #.....
#####. ###..∩
#...#. #....†
#..... #.....


You could see an ice devil.

Vanquished Creatures
  Gastronok (D:8)
  The ghost of TheNamelessOne the Fighter, a journeyman NaBe of Trog (D:10)
  Erolcha (D:9)
  4 two-headed ogres
  Pikel (D:5)
  An ice devil (Lair:1)
  A hornet (D:9)
  Prince Ribbit (D:9)
  A hippogriff (D:11)
  A spriggan (D:7)
  Sigmund (D:5)
  4 yaks (D:11)
  A wyvern (D:9)
  Eustachio (D:4)
  The ghost of Meatbag the Shooter, an amateur CeHu (D:3)
  A steam dragon (D:10)
  2 hungry ghosts
  Edmund (D:5)
  An acid dragon (D:11)
  5 soldier ants (D:7)
  4 water moccasins
  10 orc warriors
  A slave (D:5)
  3 sky beasts
  9 ice beasts
  2 black bears
  3 ogres
  A wolf (D:9)
  12 necrophages
  A crocodile (D:10)
  3 centaurs
  3 big kobolds
  Blork the orc (D:6)
  10 bullfrogs
  3 jellies
  A wyvern skeleton (D:10)
  20 killer bees
  3 scorpions
  3 electric eels
  7 wights
  6 howler monkeys
  4 crimson imps
  5 bullfrog zombies
  A centaur zombie (D:9)
  5 orc priests
  A gnoll shaman (D:7)
  6 hounds
  Crazy Yiuf (D:5)
  2 bullfrog skeletons
  3 centaur skeletons
  13 orc wizards
  3 iguanas
  Ijyb (D:2)
  12 worker ants
  A hound skeleton (D:4)
  3 mummies (D:10)
  14 gnolls
  A worker ant zombie (D:5)
  14 adders
  4 shadow imps
  4 white imps (D:9)
  An ufetubus (D:9)
  An ooze (D:5)
  2 worms
  3 dart slugs
  6 leopard geckos
  53 orcs
  4 ball pythons
  3 giant cockroaches
  11 goblins
  8 hobgoblins
  5 jackals
  4 quokkas
  7 bats
  10 frilled lizards
  A giant cockroach zombie (D:5)
  24 kobolds
  2 quokka zombies
  9 rats
389 creatures vanquished.

Vanquished Creatures (others)
  A centaur (D:5)
1 creature vanquished.

Grand Total: 390 creatures vanquished

Notes
Turn   | Place    | Note
-------+----------+-------------------------------------------
     0 | D:1      | Mamutox the Troll Monk began the quest for the Orb.
     0 | D:1      | Reached XP level 1. HP: 22/22 MP: 0/0
   153 | D:1      | Reached XP level 2. HP: 28/29 MP: 1/1
   606 | D:1      | Reached skill level 4 in Unarmed Combat
   982 | D:2      | Reached XP level 3. HP: 29/36 MP: 2/2
  1340 | D:2      | Noticed Ijyb
  1364 | D:2      | Killed Ijyb
  1364 | D:2      | Reached skill level 5 in Unarmed Combat
  1364 | D:2      | Reached XP level 4. HP: 27/44 MP: 3/3
  1876 | D:3      | Reached XP level 5. HP: 40/50 MP: 4/4
  2082 | D:3      | Found a large runed door.
  2082 | D:3      | Found a large runed door.
  2096 | D:3      | Noticed Meatbag's ghost (amateur CeHu)
  2401 | D:3      | Killed Meatbag's ghost
  2401 | D:3      | Reached XP level 6. HP: 55/62 MP: 5/5
  2425 | D:4      | Found Fuhaditu's Weapon Boutique.
  2441 | D:4      | Reached skill level 6 in Unarmed Combat
  2506 | D:4      | Noticed Eustachio
  2622 | D:4      | Killed Eustachio
  2622 | D:4      | Reached skill level 7 in Unarmed Combat
  2622 | D:4      | Reached XP level 7. HP: 70/70 MP: 6/6
  2765 | D:4      | Found a shattered altar of Ashenzari.
  3120 | D:5      | Entered Level 5 of the Dungeon
  3121 | D:5      | Found a basalt altar of Yredelemnul.
  3137 | D:5      | Reached skill level 8 in Unarmed Combat
  3227 | D:5      | Found Imocleeg's General Store.
  3241 | D:5      | Bought a scroll of identify for 24 gold pieces
  3241 | D:5      | Bought a ration for 60 gold pieces
  3241 | D:5      | Bought a ration for 60 gold pieces
  3375 | D:5      | Found Duda Hekk's General Store.
  3461 | D:5      | Reached XP level 8. HP: 78/78 MP: 7/7
  3464 | D:5      | Reached skill level 9 in Unarmed Combat
  3475 | D:5      | Found Acour's Food Shoppe.
  3487 | D:5      | Noticed Pikel
  3536 | D:5      | Found Estis's Distillery.
  3543 | D:5      | Noticed Sigmund
  3553 | D:5      | Killed Sigmund
  3641 | D:5      | Killed Pikel
  3641 | D:5      | Reached skill level 5 in Dodging
  3915 | D:5      | Noticed Edmund
  3929 | D:5      | Killed Edmund
  3929 | D:5      | Reached XP level 9. HP: 81/84 MP: 8/8
  4074 | D:5      | Found a runed door.
  4078 | D:5      | Noticed Crazy Yiuf
  4084 | D:5      | Killed Crazy Yiuf
  4472 | D:6      | Noticed Blork the orc
  4543 | D:6      | Killed Blork the orc
  4767 | D:6      | Found Fane's Antique Weapon Emporium.
  4972 | D:7      | Found a runed door.
  4974 | D:7      | Found a runed gate.
  4995 | D:7      | Found the +9 staff of Olgreb {rPois}
  4998 | D:7      | Found a runed door.
  5145 | D:7      | Reached skill level 1 in Evocations
  5358 | D:7      | Found a runed gate.
  5358 | D:7      | Found a runed gate.
  5636 | D:7      | Found a staircase to the Ecumenical Temple.
  5641 | Temple   | Entered the Ecumenical Temple
  5966 | D:7      | Reached skill level 10 in Unarmed Combat
  6237 | D:7      | Reached XP level 10. HP: 90/92 MP: 9/11
  7152 | D:9      | Noticed Prince Ribbit
  7153 | D:9      | Found Kiucykoi's Jewellery Shop.
  7181 | D:9      | Killed Prince Ribbit
  7181 | D:9      | Reached skill level 11 in Unarmed Combat
  7462 | D:9      | Noticed a two-headed ogre
  7759 | D:8      | Reached skill level 5 in Evocations
  7871 | D:8      | Found a deep blue altar of Sif Muna.
  7940 | D:8      | Noticed a two-headed ogre
  7945 | D:8      | Killed a two-headed ogre
  8061 | D:8      | Noticed Gastronok
  8078 | D:7      | Reached skill level 1 in Throwing
  8194 | D:8      | Killed Gastronok
  8194 | D:8      | Reached XP level 11. HP: 42/100 MP: 14/14
  8698 | D:9      | Reached skill level 5 in Throwing
  8862 | D:9      | Killed a two-headed ogre
  9214 | D:9      | Noticed a two-headed ogre
  9222 | D:9      | Killed a two-headed ogre
  9222 | D:9      | Reached skill level 5 in Fighting
  9272 | D:9      | Noticed Erolcha
  9348 | D:9      | Paralysed by Erolcha for 4 turns
  9353 | D:9      | Killed Erolcha
  9685 | D:10     | Entered Level 10 of the Dungeon
  9855 | D:10     | Found a large runed door.
  9856 | D:10     | Found a large runed door.
  9856 | D:10     | Noticed TheNamelessOne's ghost (journeyman NaBe)
  9974 | D:10     | Found Gell's Gadget Boutique.
 10753 | D:10     | Killed TheNamelessOne's ghost
 10753 | D:10     | Reached XP level 12. HP: 56/119 MP: 15/15
 11012 | D:11     | Noticed a two-headed ogre
 11022 | D:11     | Killed a two-headed ogre
 11022 | D:11     | Reached skill level 12 in Unarmed Combat
 11666 | D:11     | Found Omymeb's Assorted Antiques.
 11866 | D:11     | Found a staircase to the Lair.
 11875 | Lair:1   | Entered Level 1 of the Lair of Beasts
 11881 | Lair:1   | Found a frozen archway.
 11904 | D:11     | Slain by an ice devil

Vault maps used:
D:1:      sevenhm_arrival_forest_fort_large_1,
          hangedman_abyss_or_decor_lesser_grid
D:2:      kennysheep_the_goblin_king, serial_glass, glass_columns_b,
          glass_columns_b
D:3:      ebering_ghost_disaster_area
D:4:      evilmike_ruin_ashenzari, serial_shops, shop, uniq_eustachio
D:5:      serial_shops, shop_fountains, shop_statue, kennysheep_little_box,
          shop_statue, first_ration, yredelemnul_altar_generic,
          uniq_crazy_yiuf_cottage, uniq_sigmund, uniq_edmund, uniq_pikel
D:6:      serial_shops, shop_fountains, uniq_blork_the_orc
D:7:      minmay_temple_entry_glassed_door, the_bakery,
          minmay_guarded_unrand_staff_of_olgreb
D:8:      kennysheep_orc_sif_temple, grunt_ministairs_13, uniq_gastronok
D:9:      serial_shops, nicolae_shop_statue_plus, serial_ice, serial_ice_h,
          serial_ice_c, serial_ice_o, serial_ice_i, uniq_erolcha,
          uniq_prince_ribbit1
D:10:     ebering_ghost_disaster_area, serial_undead, serial_undead_f,
          serial_undead_f, serial_undead_d, serial_undead_a, serial_shops,
          nicolae_shop_statue_plus
D:11:     lair_entry_dummy, serial_shops, nicolae_shop_crystal
Temple:   kilobyte_greek_temple
Lair:1:   portal_ice_cave_demonic_guard, grunt_megastairs_2

Skill      XL: |  1  2  3  4  5  6  7  8  9 10 11 12 |
---------------+-------------------------------------+-----
Unarmed Combat | 4 5 7 8 9 10 11 12 | 12.8
Fighting       | 4 8 |  8.1
Dodging        | 6 8 |  8.0
Evocations     | 2 5 |  5.4
Throwing       | 4 6 |  6.0
Stealth        | |  1.0

Action                   |  1- 3 |  4- 6 |  7- 9 | 10-12 || total
-------------------------+-------+-------+-------+-------++-------
Melee: Unarmed           |    96 |   126 |   344 |   664 ||  1230
       Punch             |     1 |     3 |    13 |    43 ||    60
Evoke: Wand              |       |       |       |     1 ||     1
  Use: Scroll            |       |       |    10 |     5 ||    15
       Potion            |       |       |       |     4 ||     4
 Stab: Sleeping          |     1 |       |     2 |     4 ||     7
       Distracted        |       |       |       |     1 ||     1
  Eat: Chunk             |    18 |    12 |    27 |    66 ||   123
Armor: Robe              |    49 |    69 |    61 |   164 ||   343
       Skin              |       |       |       |    29 ||    29
Dodge: Dodged            |    50 |    98 |   195 |   452 ||   795

Table legend:
 A = Spawn XP
 B = Non-spawn XP
 C = Spawn XP percentage of total XP
 D = Spawn monster count
 E = Non-spawn monster count
 F = Spawn count percentage of total count
 G = Total turns spent on level
                    A         B        C        D         E        F      G
               +---------+---------+-------+---------+---------+-------+---------
         Total |       0 |   27140 |   0.0 |       0 |     389 |   0.0 | 11904
               +---------+---------+-------+---------+---------+-------+---------
           D:1 |       0 |      30 |   0.0 |       0 |      18 |   0.0 |   906
           D:2 |       0 |     100 |   0.0 |       0 |      30 |   0.0 |   645
           D:3 |       0 |     339 |   0.0 |       0 |      35 |   0.0 |   932
           D:4 |       0 |     551 |   0.0 |       0 |      21 |   0.0 |   637
           D:5 |       0 |    2018 |   0.0 |       0 |      37 |   0.0 |  1097
           D:6 |       0 |    1109 |   0.0 |       0 |      22 |   0.0 |   693
           D:7 |       0 |    3252 |   0.0 |       0 |      56 |   0.0 |  2085
           D:8 |       0 |    4818 |   0.0 |       0 |      31 |   0.0 |  1055
           D:9 |       0 |    5783 |   0.0 |       0 |      48 |   0.0 |  1489
          D:10 |       0 |    4770 |   0.0 |       0 |      48 |   0.0 |  1271
          D:11 |       0 |    4024 |   0.0 |       0 |      42 |   0.0 |   920
        Lair:1 |       0 |     346 |   0.0 |       0 |       1 |   0.0 |    28
               +---------+---------+-------+---------+---------+-------+---------
